 Dungeon Crawl Stone Soup version 0.27-a0-869-g165b36e3f0 (webtiles) character file.

Game seed: 14527426799121038237

567 Lanoc the Conjurer (level 7, -2/36 HPs)
             Began as a Kobold Conjurer on Apr 2, 2021.
             Was a Priest of Makhleb.
             Slain by Edmund
             ... wielding a +4 vorpal dire flail
              (6 damage)
             ... on level 4 of the Dungeon.
             The game lasted 00:05:16 (4241 turns).

Lanoc the Conjurer (Kobold Conjurer)                Turns: 4241, Time: 00:05:17

Health: -2/36      AC:  4    Str:  4    XL:     7   Next: 59%
Magic:  1/10       EV: 16    Int: 27    God:    Makhleb [***...]
Gold:   167        SH:  0    Dex: 14    Spells: 7/10 levels left

rFire    + . .     SeeInvis .   d - +2 flail
rCold    + . .     Faith    .   (shield restricted)
rNeg     . . .     Spirit   .   c - +2 robe {rC+ rF+}
rPois    .         Reflect  .   (no helmet)
rElec    .         Harm     .   (no cloak)
rCorr    +         Rampage  .   (no gloves)
Will     .....                  (no boots)
Stlth    +++.......             (no amulet)
HPRegen  0.12/turn              l - ring of resist corrosion
MPRegen  0.12/turn              o - +6 ring of intelligence

@: no status effects
A: small, no large weapons, nightstalker 3
a: Renounce Religion, Minor Destruction, Lesser Servant of Makhleb


You were on level 4 of the Dungeon.
You worshipped Makhleb.
Makhleb was most pleased with you.
You visited 1 branch of the dungeon, and saw 4 of its levels.

You collected 167 gold pieces.

Inventory:

Hand Weapons
 d - a +2 flail (weapon)
Missiles
 q - a curare-tipped dart
Armour
 c - a +2 robe of resistance (worn)
Jewellery
 l - a ring of resist corrosion (left hand)
 o - a +6 ring of intelligence (right hand)
Wands
 r - a wand of flame (22)
Scrolls
 b - 2 scrolls of teleportation {unknown}
 e - 4 scrolls of identify {unknown}
 f - a scroll of enchant weapon {unknown}
 i - a scroll of acquirement {unknown}
 k - a scroll of vulnerability {unknown}
 m - a scroll of magic mapping {unknown}
 n - a scroll of silence {unknown}
 p - a scroll of blinking {unknown}
Potions
 a - a potion of degeneration {unknown}
 h - a potion of might
 j - 2 potions of lignification {unknown}
 s - 2 potions of berserk rage {unknown}


   Skills:
 + Level 5.7 Dodging
 - Level 2.6 Stealth
 - Level 2.1 Spellcasting
 * Level 7.4 Conjurations


You had 7 spell levels left.
You knew the following spells:

 Your Spells              Type           Power      Damage    Failure   Level
a - Magic Dart            Conj           100%       1d8       1%          1
b - Searing Ray           Conj           86%        3d6       1%          2

Your spell library contained the following spells:

 Spells                   Type           Power      Damage    Failure   Level
 Dazzling Flash           Conj/Hex       46%        N/A       6%          3
 Fulminant Prism          Conj/Hex       11%        3d9       21%         4
 Iskenderun's Mystic Bla  Conj/Tloc      23%        2d6       21%         4


Dungeon Overview and Level Annotations

Branches:
Dungeon (4/15)
 Temple: D:4-7

Altars:
Makhleb

Annotations:
D:4 Edmund


Innate Abilities, Weirdness & Mutations

You are small and have problems with some larger weapons.
You are completely attuned to the shadows.


Message History

The orc shouts! (Press . to maintain the ray.)
The orc throws a boomerang.
The boomerang barely misses you.
The searing ray hits the orc!
You kill the orc!
Makhleb accepts your kill.
A giant cockroach comes into view.
The searing ray hits the orc!
You kill the orc!
Makhleb accepts your kill.
The searing ray hits the giant cockroach!
You kill the giant cockroach!
Makhleb accepts your kill.
Edmund the Younger comes into view.
He is wielding a +4 vorpal dire flail.
The searing ray hits Edmund.
Edmund is lightly wounded.
You finish channeling your searing ray.
Edmund says, "People will remember me!
They'll remember me and die!"
Casting: Searing Ray (safe; 1% risk of failure)
Confirm with . or Enter, or press ? or * to list all spells.
Aiming: Searing Ray (safe; 1% risk of failure)
Press: ? - help, Shift-Dir - straight line, f - Edmund
Aim: Edmund, wielding a +4 vorpal dire flail and wearing a +0 chain mail (lightly wounded, 13% to evade)
The searing ray misses Edmund. (Press . to maintain the ray.)
The searing ray hits Edmund!
Edmund is lightly wounded.
The searing ray misses Edmund.
The searing ray hits Edmund!
Edmund is moderately wounded.
You finish channeling your searing ray.
Edmund barely misses you.
You hit Edmund but do no damage.
Edmund is moderately wounded.
Edmund hits you with a +4 vorpal dire flail!
You completely miss Edmund.
Edmund is moderately wounded.
Edmund hits you with a +4 vorpal dire flail.
Edmund hits you with a +4 vorpal dire flail!
* * * LOW HITPOINT WARNING * * *
You die...

.....#.......[....... .....
.....##...##.####..# .# #..)# ##
#....####.##.####..##.####..)###.
#....##.............#........#...
....................#........#...
.....K.......................#...
...†.........................#...
#.K.###..##..##.#.###.#.###>.##'#
#...###.. #.@@......###..##.#
........ ....#.###.#...#@.....
........ ....#.#?#.#...#......
........ ....#.###.#...#......
#....... ..#..........#..#...#
#...##. #.#..######## #####
.....# ....# #### ....#


You could see Edmund.

Vanquished Creatures
  Sigmund (D:4)
  A kobold brigand (D:4)
  A scorpion (D:4)
  A jelly (D:4)
  A hound (D:4)
  2 iguanas (D:4)
  A hound skeleton (D:4)
  A gnoll (D:1)
  6 adders
  2 worms (D:2)
  An adder skeleton (D:4)
  3 orcs (D:4)
  7 endoplasms
  6 giant cockroaches
  8 goblins
  5 hobgoblins
  16 jackals
  2 quokkas
  5 ball pythons
  A bat (D:1)
  4 frilled lizards
  A jackal skeleton (D:4)
  7 kobolds
  3 rats
86 creatures vanquished.

Notes
Turn   | Place    | Note
-------+----------+-------------------------------------------
     0 | D:1      | Lanoc the Kobold Conjurer began the quest for the Orb.
     0 | D:1      | Reached XP level 1. HP: 10/10 MP: 3/3
   198 | D:1      | Reached XP level 2. HP: 15/15 MP: 0/5
   307 | D:1      | Found a faded altar of an unknown god.
   336 | D:1      | Became a worshipper of Makhleb the Destroyer
   336 | D:1      | Reached * piety under Makhleb
   471 | D:1      | Reached XP level 3. HP: 19/19 MP: 4/6
  1373 | D:2      | Reached XP level 4. HP: 18/24 MP: 1/7
  1452 | D:2      | Learned a level 2 spell: Searing Ray
  1536 | D:2      | Reached skill level 5 in Conjurations
  1679 | D:2      | Reached ** piety under Makhleb
  2680 | D:3      | Reached XP level 5. HP: 28/28 MP: 3/8
  3148 | D:4      | Noticed a kobold brigand
  3155 | D:4      | Killed a kobold brigand
  3156 | D:4      | Reached skill level 6 in Conjurations
  3156 | D:4      | Reached XP level 6. HP: 23/32 MP: 0/9
  3653 | D:4      | Noticed Sigmund
  3733 | D:4      | Killed Sigmund
  3734 | D:4      | Reached skill level 5 in Dodging
  3734 | D:4      | Reached skill level 7 in Conjurations
  3734 | D:4      | Reached XP level 7. HP: 8/36 MP: 6/10
  4040 | D:4      | Reached *** piety under Makhleb
  4216 | D:4      | Noticed Edmund
  4241 | D:4      | Slain by Edmund

Illustrated notes

Levels and vault maps discovered:
D:1:      dpeg_arrival_court, layout_loops_cross, basic_ecumenical_altar
D:2:      layout_basic, minmay_3d_cube
D:3:      layout_loops_cross
D:4:      layout_gridville, minmay_temple_entry_overgrown, minmay_surrounded,
          uniq_edmund, uniq_natasha, uniq_sigmund

Skill      XL: |  1  2  3  4  5  6 |
---------------+-------------------+-----
Dodging        | 3 4 5 |  5.7
Conjurations   | 5 6 7 |  7.4
Stealth        | |  2.6
Spellcasting   | |  2.1

Action                   |  1- 3 |  4- 6 |  7- 9 || total
-------------------------+-------+-------+-------++-------
Melee: Unarmed           |     3 |       |       ||     3
       Flail             |     5 |    12 |     3 ||    20
 Cast: Magic Dart        |    51 |    82 |    13 ||   146
       Searing Ray       |       |     9 |     7 ||    16
  Use: Potion            |       |     5 |       ||     5
Armor: Robe              |     2 |     2 |       ||     4
Dodge: Dodged            |    12 |    36 |     5 ||    53

Table legend: (Time is in decaauts)
 A = Elapsed time spent in this place.
 B = Non-inter-level travel time spent in this place.
 C = Inter-level travel time spent in this place.
 D = Time resting spent in this place.
 E = Time spent auto-exploring this place.
 F = Levels seen in this place.
 G = Mean time per level.
                   A        B        C        D        E       F      G
               +--------+--------+--------+--------+--------+-----+--------+
         Total |   4246 |   4224 |     22 |      0 |   3763 |   4 | 1061.5 |
       Dungeon |   4246 |   4224 |     22 |      0 |   3763 |   4 | 1061.5 |
               +--------+--------+--------+--------+--------+-----+--------+

Top non-repeatable levels by time:
     D:1: 1245 daAuts
     D:4: 1098 daAuts
     D:3: 995 daAuts
     D:2: 906 daAuts
